 Dungeon Crawl Stone Soup version 0.26-a0-597-gb535b0901c (webtiles) character file.

Game seed: 6943884877238690257

20 Lanoc the Chucker (level 2, 0/28 HPs)
             Began as a Troll Hunter on Sept 4, 2020.
             Succumbed to a kobold's poison
             ... on level 1 of the Dungeon.
             The game lasted 00:00:52 (507 turns).

Lanoc the Chucker (Troll Hunter)                     Turns: 507, Time: 00:00:53

Health: 0/28       AC:  6    Str: 19    XL:     2   Next: 58%
Magic:  1/1        EV: 10    Int:  7    God:
Gold:   3          SH:  0    Dex: 10    Spells: 1/1 levels left

rFire    . . .     SeeInvis .   (no weapon)
rCold    . . .     Faith    .   (no shield)
rNeg     . . .     Spirit   .   b - +0 robe
rPois    .         Reflect  .   (helmet restricted)
rElec    .         Harm     .   (no cloak)
rCorr    .                      (gloves unavailable)
MR       .....                  (boots unavailable)
Stlth    ..........             j - amulet of inaccuracy (curse)
HPRegen  0.49/turn              i - ring of attention (curse)
MPRegen  0.07/turn              (no ring)

@: lethally poisoned (0 -> -8)
A: large, unfitting armour, claws 3, regeneration 1, shaggy fur 1, tough skin 3
a: no special abilities


You were on level 1 of the Dungeon.
You visited 1 branch of the dungeon, and saw 1 of its levels.

You collected 3 gold pieces.

Inventory:

Missiles
 c - 3 large rocks (quivered)
 d - 2 throwing nets
Armour
 b - a +0 robe (worn)
Jewellery
 i - a cursed ring of attention (left claw)
 j - a cursed amulet of inaccuracy (around neck)
Scrolls
 a - a scroll of teleportation


   Skills:
 + Level 1.9 Fighting
 * Level 4.0 Throwing
 + Level 1.9 Dodging
 - Level 0.3 Stealth


You had one spell level left.
You didn't know any spells.
Your spell library was empty.

Dungeon Overview and Level Annotations

Branches:
Dungeon (1/15)

Altars:


Innate Abilities, Weirdness & Mutations

You are too large for most types of armour.
You have claws for hands.
Your natural rate of healing is unusually fast.
You are covered in fur. (AC +1)
You have extremely tough skin. (AC +3)


Message History

Press: ? - help, Shift-Dir - straight line, f - kobold
Aim: a kobold, wielding a +0 whip of venom You throw a large rock.
The large rock misses the kobold.
You feel very sick.
The kobold hits you with a +0 whip of venom.
* * * LOW HITPOINT WARNING * * *
The kobold barely misses you.
Throwing (i - inventory. (/) - cycle)
c - 4 large rocks (quivered)
Press: ? - help, Shift-Dir - straight line, f/p - kobold
Aim: a kobold, wielding a +0 whip of venom You throw a large rock.
The large rock hits the kobold!
You kill the kobold!
* * * LOW HITPOINT WARNING * * *
You feel very sick.
You aren't carrying any potions.
* * * LOW HITPOINT WARNING * * *
You feel sick.
Things that are here:
a large rock; a +0 whip of venom You die...

#.# #............#
.#######.######.#..........#
.........##.....#...........
#######.## #..##.........)# #..
#......######.## )..# #.###..#
#..# ...## ##.#≈#.## ##.# .###
##(.###.# ##.. .. #@......# #...
......(.####### ##.#. #########
########....
#############.........#.
####....#......#########...
####.......#.........#### ####
##.......#####.###.......## #
##.....####.......####.....## ##
##....###.............###....###.


There were no monsters in sight!

Vanquished Creatures
  An ooze (D:1)
  A dart slug (D:1)
  A leopard gecko (D:1)
  2 giant cockroaches (D:1)
  A hobgoblin (D:1)
  3 kobolds (D:1)
  A bat (D:1)
  2 frilled lizards (D:1)
12 creatures vanquished.

Notes
Turn   | Place    | Note
-------+----------+-------------------------------------------
     0 | D:1      | Lanoc the Troll Hunter began the quest for the Orb.
     0 | D:1      | Reached XP level 1. HP: 19/19 MP: 0/0
   216 | D:1      | Reached XP level 2. HP: 25/28 MP: 1/1
   376 | D:1      | Reached skill level 4 in Throwing
   506 | D:1      | HP: 1/28 [poisoned by a kobold]
   507 | D:1      | Succumbed to a kobold's poison

Illustrated notes

Levels and vault maps discovered:
D:1:      dpeg_arrival_circle_labyrinth_c, layout_rooms, serial_glass,
          glass_columns_c, glass_columns_a, glass_columns_c, glass_columns_b,
          glass_columns_b, glass_columns_b, feat_on_display,
          due_unseen_surprise, minivault_11

Skill      XL: |  1  2 |
---------------+-------+-----
Throwing       | 4 |  4.0
Fighting       | |  1.9
Dodging        | |  1.9
Stealth        | |  0.3

Action                   || total
-------------------------++-------
Melee: Unarmed           ||    47
Throw: Large rock        ||     2
  Use: Scroll            ||     4
Armor: Robe              ||    24
Dodge: Dodged            ||    27

Table legend: (Time is in decaauts)
 A = Elapsed time spent in this place.
 B = Non-inter-level travel time spent in this place.
 C = Inter-level travel time spent in this place.
 D = Time resting spent in this place.
 E = Time spent auto-exploring this place.
 F = Levels seen in this place.
 G = Mean time per level.
                   A        B        C        D        E       F      G
               +--------+--------+--------+--------+--------+-----+--------+
         Total |    508 |    508 |      0 |      0 |    401 |   1 |  508.0 |
       Dungeon |    508 |    508 |      0 |      0 |    401 |   1 |  508.0 |
               +--------+--------+--------+--------+--------+-----+--------+

Top non-repeatable levels by time:
     D:1: 508 daAuts
